 Dungeon Crawl Stone Soup version 0.16-a0-621-gdc21f72 (webtiles) character file.

200763 Qrupt the Swashbuckler (level 19, 0/131 HPs)
             Began as a Halfling Fighter on Sept 14, 2014.
             Was the Champion of Cheibriados.
             Slain by Polyphemus (2 damage)
             ... on Level 2 of the Shoals on Sept 16, 2014.
             The game lasted 03:21:24 (46524 turns).

Qrupt the Swashbuckler (Halfling Fighter)          Turns: 46524, Time: 03:21:25

HP   0/131       AC 22     Str 39      XL: 19   Next: 22%
MP  35/35        EV  3     Int 25      God: Cheibriados [******]
Gold 2794        SH  0     Dex 37      Spells:  4 memorised,  8 levels left

rFire  . . .     SeeInvis .     k - +3 cutlass (elec)
rCold  . . .     Clarity  +     G - +2 scale mail of the Hart {Int+3}
rNeg   + + +     rCorr    .     V - +2 buckler
rPois  +         rRot     +     C - +2 helmet of Yteepsuf {Dex+3 Stlth+}
rElec  +         Spirit   .     b - +2 cloak {MR+}
SustAb .         Warding  .     U - +2 pair of gloves
rMut   .         Stasis   .     h - +0 pair of boots
Gourm  .                        o - amulet of clarity
MR     ++...                    O - ring of flight
                                y - ring "Caryfav" {rElec EV+3}

@: mighty, petrified, very slow, very resistant to hostile enchantments,
unstealthy
A: berserk 1, mutation resistance 1
a: Bend Time, Temporal Distortion, Slouch, Step From Time, Renounce Religion,
Evoke Flight
}: 1/15 runes: gossamer


You were on level 2 of the Shoals.
You worshipped Cheibriados.
Cheibriados was exalted by your worship.
You were hungry.

You visited 6 branches of the dungeon, and saw 35 of its levels.
You also visited: Bailey and Ice Cave.

You collected 3306 gold pieces.
You spent 512 gold pieces at shops.

Inventory:

Hand weapons
 a - a +7 cutlass of flaming
 k - a +3 cutlass of electrocution (weapon)
Missiles
 A - 91 stones (quivered)
Armour
 b - a +2 cloak of magic resistance (worn)
 h - a +0 pair of boots (worn)
 C - the +2 helmet of Yteepsuf (worn) {Dex+3 Stlth+}
   (You acquired it on level 2 of the Spider Nest)

   It affects your dexterity (+3).
   It makes you more stealthy.
 G - the +2 scale mail of the Hart (worn) {Int+3}
   (You bought it in a shop on level 3 of the Orcish Mines)

   It affects your intelligence (+3).
 U - a +2 pair of gloves (worn)
 V - a +2 buckler (worn)
 Z - the +1 cloak of the Moon {Str+4 Int+2}
   (You found it on level 12 of the Dungeon)

   It affects your strength (+4).
   It affects your intelligence (+2).
Magical devices
 m - a wand of lightning (9)
 D - a wand of fire (5)
 R - a wand of cold (3)
 T - a wand of digging (10)
Comestibles
 d - 14 bread rations
 t - 34 fruits
 u - 14 slices of pizza
 v - 4 beef jerkies
 E - 2 rotting chunks of merfolk flesh
 J - a royal jelly
 M - 10 meat rations
Scrolls
 e - 3 scrolls of enchant armour
 j - 2 scrolls of fog
 l - 14 scrolls of remove curse
 n - 2 scrolls of recharging
 q - 2 scrolls of enchant weapon
 x - 3 scrolls of identify
 B - 2 scrolls of vulnerability
 I - a scroll of blinking
 S - 4 scrolls of fear
 W - 2 scrolls of amnesia
 X - 3 scrolls of magic mapping
Jewellery
 c - the amulet of Muowy {Faith rC+ rN+}
   (You found it on level 4 of the Spider Nest)

   [amulet of faith]

   It allows you to gain divine favour quickly.
   It protects you from cold.
   It protects you from negative energy.
 g - an uncursed amulet of stasis
 o - an amulet of clarity (around neck)
 p - an uncursed ring of see invisible
 r - an uncursed ring of teleportation
 s - an uncursed ring of sustain abilities
 y - the ring "Caryfav" (left hand) {rElec EV+3}
   (You found it on level 8 of the Lair of Beasts)

   [ring of evasion]

   It affects your evasion (+3).
   It insulates you from electricity.
 H - an uncursed ring of protection from magic
 L - an uncursed ring of poison resistance
 O - a ring of flight (right hand)
 P - an uncursed ring of protection from cold
 Q - an uncursed ring of positive energy
Potions
 w - 2 potions of flight
 F - a potion of agility
 K - 7 potions of curing
 N - 2 potions of cancellation
Miscellaneous
 z - a sack of spiders {used: 2}


   Skills:
 - Level 12.0 Fighting
 + Level 20.0 Short Blades
 - Level 11.0 Throwing
 - Level 10.0 Armour
 - Level 10.5 Dodging
 - Level 15.0 Shields
 - Level 7.2 Hexes
 - Level 4.4 Charms
 - Level 4.3 Necromancy
 - Level 4.5 Translocations
 - Level 10.1 Invocations
 - Level 15.7 Evocations


You had 8 spell levels left.
You knew the following spells:

 Your Spells              Type           Power        Failure   Level  Hunger
a - Shroud of Golubria    Chrm/Tloc      ###.......   4%          2    ###....
b - Song of Slaying       Chrm           ###.....     4%          2    ###....
c - Regeneration          Chrm/Necr      ###.......   10%         3    ####...
d - Spectral Weapon       Hex/Chrm       ####....     4%          3    ####...


Dungeon Overview and Level Annotations

Branches:
Dungeon (15/15)            Temple (1/1) D:4             Orc (4/4) D:12
    Elf (0/3) Orc:4          Lair (8/8) D:10         Shoals (2/5) Lair:5
 Spider (5/5) Lair:4        Slime (0/6) Lair:7       Vaults (0/5) D:13
 Depths (0/5) D:15

Altars:
Ashenzari
Cheibriados
Dithmenos
Elyvilon
Fedhas
Gozag
Kikubaaqudgha
Makhleb
Nemelex Xobeh
Okawaru
Sif Muna
Trog
Vehumet
Xom
Yredelemnul
Zin
The Shining One
Beogh

Shops:
D:6 %   D:10 *   D:14 :   Orc:3 [(=[*   Orc:4 ((((   Shoals:1 !%*   Shoals:2 ?

Annotations:
D:9 exclusion: statue
Lair:1 1 exclusion
Lair:5 exclusion: oklob plant
Shoals:2 Polyphemus


Innate Abilities, Weirdness & Mutations

You are small and have problems with some larger weapons.
You are somewhat resistant to further mutation.
You tend to lose your temper in combat.


Message History

The catoblepas gores you but does no damage.
Polyphemus hits you!! Polyphemus hits you!
* * * LOW HITPOINT WARNING * * *
The catoblepas gores you.
* * * LOW HITPOINT WARNING * * *
Polyphemus hits you!!
* * * LOW HITPOINT WARNING * * *
Polyphemus hits you but does no damage. Polyphemus hits you!!
* * * LOW HITPOINT WARNING * * *
Polyphemus hits you!!
* * * LOW HITPOINT WARNING * * *
The catoblepas breathes a plume of calcifying dust at you.
The blast of calcifying dust hits you!
You are engulfed in calcifying dust.
Polyphemus hits you. Polyphemus hits you but does no damage.
The catoblepas gores you but does no damage.
You are engulfed in calcifying dust.
Polyphemus barely misses you. Polyphemus hits you.
You die...

.................≈≈≈
≈≈≈≈≈........C..≈≈≈≈
≈≈≈≈.≈..≈..($...≈≈≈≈
≈≈≈≈≈≈≈≈.§(.....≈≈≈
≈≈≈≈≈≈≈.§###....≈≈≈
≈≈≈≈≈≈≈..# ...>≈≈≈
≈≈≈≈≈≈≈§.###...≈≈≈≈
≈≈≈≈≈≈≈≈§.([..≈≈≈≈≈≈
≈≈≈≈≈≈≈≈.Y@§§≈≈≈≈≈≈
≈≈≈≈≈≈≈≈≈C≈≈(≈≈≈≈≈≈
≈≈≈≈≈≈≈≈≈≈≈≈≈≈≈≈≈≈
≈≈≈≈≈≈≈≈≈≈≈≈≈(≈≈≈
≈≈≈≈≈≈≈≈≈≈≈≈≈≈≈≈
≈≈≈≈≈≈≈≈≈≈≈≈≈≈
≈≈≈≈≈≈≈≈≈≈≈≈
≈≈≈≈≈≈≈≈≈≈ ≈≈≈≈


You could see Polyphemus and a catoblepas.

Vanquished Creatures
  Nikola (Shoals:1)
  Frances (Spider:4)
  Kirke (Spider:2)
  3 ghost moths (Spider:5)
  Aizul (Shoals:2)
  5 emperor scorpions
  Jorgrun (Spider:5)
  2 stone giants
  6 dire elephants (Lair:8)
  A merfolk javelineer (Shoals:2)
  2 merfolk impalers (Shoals:1)
  The ghost of casual the Carver, a powerful GrBe of Trog (D:13)
  10 hydras
  Fannar (Orc:4)
  Harold (Lair:4)
  A ravenous item mimic (Spider:3)
  Erica (D:12)
  A siren (Shoals:2)
  An anaconda (Lair:8)
  An ogre mage (D:13)
  A merfolk aquamancer (Shoals:2)
  5 centaur warriors
  A tengu warrior (D:15)
  3 orc high priests (Orc:4)
  5 death yaks (Lair:6)
  Urug (D:11)
  A catoblepas (Lair:5)
  Nergalle (Lair:2)
  A deep elf knight (D:13)
  6 sea snakes
  26 orb spiders
  2 ice statues (IceCv)
  4 hill giants
  A necromancer (D:15)
  Erolcha (D:8)
  Pikel (D:6)
  3 deep elf conjurers (D:15)
  4 harpies
  An ugly thing (D:12)
  A lindwurm (Lair:6)
  10 fauns
  30 wolf spiders
  5 griffons
  7 orc knights
  5 orc sorcerers
  6 cyclopes
  5 red wasps
  5 manticores
  2 moths of wrath
  9 mermaids
  24 elephants
  6 black mambas
  A drowned soul (Shoals:2)
  A centaur zombie (D:15)
  A queen ant (Lair:4)
  2 torpor snails
  2 kobold demonologists (D:11)
  An item mimic (Lair:1)
  An orange demon (Spider:5)
  Psyche (D:10)
  A gargoyle (D:13)
  17 spiny frogs
  2 yaktaurs (D:13)
  7 komodo dragons
  2 hellwings (Orc:4)
  13 demonic crawlers
  An efreet (D:15)
  8 merfolk
  2 two-headed ogres (D:13)
  A deep elf priest (D:13)
  A hydra zombie (D:15)
  A polar bear (Lair:3)
  30 jumping spiders
  Sonja (D:15)
  3 wind drakes (Shoals:1)
  6 slime creatures (D:12)
  A boulder beetle (Spider:1)
  10 trolls
  3 ravens (D:15)
  5 snapping turtles (Shoals:1)
  A deep elf mage (D:11)
  9 blink frogs
  4 wyverns
  56 redbacks
  2 basilisks
  4 water elementals (Shoals:2)
  A human (D:7)
  18 tarantellas
  A hill giant zombie (D:11)
  15 trapdoor spiders
  A wandering mushroom (Lair:8)
  2 shadows (D:12)
  25 yaks
  2 vampire mosquitoes (D:14)
  2 wraiths (D:13)
  15 hippogriffs
  3 deep elf fighters
  A hill giant skeleton (D:13)
  Edmund (D:6)
  Menkaure (D:5)
  40 wolves
  2 wargs (Orc:1)
  4 hogs
  A hungry ghost (D:15)
  A human zombie (D:15)
  8 soldier ants
  A mottled dragon (D:14)
  2 black bears
  18 water moccasins
  32 orc warriors
  3 sky beasts
  15 spiders
  14 porcupines
  10 ogres
  A necrophage (D:6)
  9 ice beasts
  16 centaurs
  A black bear (shapeshifter) (D:15)
  3 phantoms
  8 crocodiles
  7 big kobolds
  Duvessa (D:5)
  2 boring beetles
  24 giant frogs
  A komodo dragon skeleton (D:12)
  2 cyclops zombies
  A yaktaur skeleton (D:14)
  A wyvern zombie (D:15)
  A wyvern skeleton (D:13)
  A troll zombie (D:10)
  22 killer bees
  10 scorpions
  3 eyes of draining
  10 wights
  4 goliath beetles
  3 electric eels
  Dowan (D:5)
  7 jellies
  3 giant frog zombies
  A basilisk zombie (D:15)
  10 crimson imps
  A giant frog skeleton (D:12)
  16 hounds
  22 orc priests
  2 quasits
  2 centaur skeletons
  11 iguanas
  A gnoll shaman (D:10)
  Natasha (twice) (D:6)
  6 orange rats (Lair:6)
  36 worker ants
  33 orc wizards
  17 sheep
  Ijyb (D:7)
  A sky beast zombie (D:7)
  A hound zombie (D:8)
  26 adders
  4 gnolls (D:10)
  3 giant mites
  27 green rats
  4 worms
  3 shadow imps
  2 orc zombies (Orc:4)
  An adder skeleton (D:4)
  An adder zombie (D:3)
  A gnoll skeleton (D:5)
  3 orc skeletons
  6 giant geckos
  12 oozes
  190 orcs
  9 bats
  2 bat zombies (D:3)
  5 giant cockroaches
  16 goblins
  19 hobgoblins
  17 jackals
  40 kobolds
  A ball python (D:1)
  4 giant newts
  A giant spore (D:15)
  A hobgoblin skeleton (D:4)
  16 quokkas
  A quokka skeleton (D:4)
  25 rats
  A rat skeleton (D:4)
  2 spectral orcs (Lair:2)
  3 ballistomycetes
  A fungus (Lair:5)
  4 plants (Lair:8)
1421 creatures vanquished.

Vanquished Creatures (collateral kills)
  An ufetubus (Spider:5)
1 creature vanquished.

Vanquished Creatures (others)
  2 spectral weapons
  8 drowned souls (Shoals:2)
  A jumping spider (Spider:5)
  2 trapdoor spiders (Spider:5)
  A redback (Spider:5)
  A slave (D:6)
  A jelly (D:6)
  An orc wizard (Orc:4)
  A kobold (D:6)
  A giant spore (D:14)
  5 fungi
  10 plants
34 creatures vanquished.

Grand Total: 1456 creatures vanquished

Notes
Turn   | Place    | Note
--------------------------------------------------------------
     0 | D:1      | Qrupt, the Halfling Fighter, began the quest for the Orb.
     0 | D:1      | Reached XP level 1. HP: 15/15 MP: 1/1
     0 | D:1      | Upgraded the game from 0.16-a0-393-g278d215 to 0.16-a0-465-g631e55c
   188 | D:1      | Reached XP level 2. HP: 15/21 MP: 2/2
   693 | D:1      | Reached XP level 3. HP: 26/26 MP: 3/3
   992 | D:2      | Reached XP level 4. HP: 9/31 MP: 4/4
  1260 | D:2      | Reached skill level 4 in Shields
  2159 | D:3      | Reached XP level 5. HP: 37/37 MP: 5/5
  3124 | D:3      | Found an ancient bone altar of Kikubaaqudgha.
  3373 | D:4      | Found a staircase to the Ecumenical Temple.
  3431 | Temple   | Entered the Ecumenical Temple
  3681 | Temple   | Became a worshipper of Cheibriados the Contemplative
  3705 | D:4      | Reached XP level 6. HP: 41/43 MP: 6/6
  3894 | D:4      | Reached skill level 5 in Short Blades
  4156 | D:4      | Reached skill level 5 in Shields
  4611 | D:5      | Entered Level 5 of the Dungeon
  4627 | D:5      | Reached XP level 7. HP: 33/49 MP: 7/7
  4992 | D:5      | Found a sparkling altar of Nemelex Xobeh.
  5582 | D:5      | Noticed Duvessa
  5588 | D:5      | Noticed Dowan
  5594 | D:5      | Killed Duvessa
  5594 | D:5      | Reached skill level 6 in Short Blades
  5595 | D:5      | Killed Dowan
  5595 | D:5      | Reached skill level 5 in Fighting
  6090 | D:5      | Noticed Menkaure
  6109 | D:5      | HP: 2/75 [Menkaure (5)]
  6114 | D:5      | Killed Menkaure
  6114 | D:5      | Reached XP level 8. HP: 8/55 MP: 8/8
  6603 | D:5      | Reached skill level 7 in Short Blades
  6719 | D:6      | Noticed Natasha
  6739 | D:6      | Killed Natasha
  6828 | D:6      | Noticed Natasha
  6837 | D:6      | Killed Natasha
  7109 | D:6      | Reached skill level 1 in Throwing
  7133 | D:6      | Reached skill level 8 in Short Blades
  7185 | D:6      | Found Oceteuq's Food Shoppe.
  7275 | D:6      | Reached XP level 9. HP: 21/62 MP: 9/9
  7526 | D:6      | Noticed Pikel
  7545 | D:6      | Killed Pikel
  7545 | D:6      | Acquired Cheibriados' first power
  7545 | D:6      | Reached skill level 9 in Short Blades
  7545 | D:6      | Reached skill level 5 in Throwing
  7596 | D:6      | Noticed Edmund
  7625 | D:6      | Killed Edmund
  7625 | D:6      | Reached skill level 10 in Short Blades
  8327 | D:7      | Reached skill level 11 in Short Blades
  8329 | D:7      | Reached XP level 10. HP: 46/68 MP: 10/10
  8482 | D:7      | Acquired Cheibriados' second power
  8561 | D:7      | Noticed a hill giant
  8572 | D:7      | Killed a hill giant
  8833 | D:7      | Noticed Ijyb
  8849 | D:7      | Killed Ijyb
  8913 | D:7      | Reached skill level 12 in Short Blades
  8916 | D:7      | Identified a scroll of acquirement
  9186 | D:7      | Acquired Cheibriados' third power
  9612 | D:8      | Reached skill level 10 in Throwing
  9799 | D:8      | Noticed Erolcha
 10301 | D:8      | Killed Erolcha
 10301 | D:8      | Reached skill level 13 in Short Blades
 10870 | D:8      | Reached XP level 11. HP: 66/72 MP: 11/11
 10881 | D:8      | Reached skill level 1 in Dodging
 11201 | D:9      | Found a radiant altar of Vehumet.
 11775 | D:9      | Reached skill level 14 in Short Blades
 11911 | D:10     | Entered Level 10 of the Dungeon
 11972 | D:10     | Found a glowing golden altar of the Shining One.
 12205 | D:10     | Reached skill level 5 in Dodging
 12310 | D:10     | Found a staircase to the Lair.
 12427 | D:10     | Noticed Psyche
 12437 | D:10     | Killed Psyche
 12957 | D:10     | Found Niluj's Assorted Antiques.
 13149 | Lair:1   | Entered Level 1 of the Lair of Beasts
 13262 | Lair:1   | Reached skill level 15 in Short Blades
 13416 | Lair:1   | Reached XP level 12. HP: 71/78 MP: 12/12
 13841 | Lair:1   | Reached skill level 16 in Short Blades
 13901 | Lair:1   | Got a shimmering leather armour
 13912 | Lair:1   | Identified the cursed -5 leather armour of Morality {MR++ Dex+2} (You found it on level 1 of the Lair of Beasts)
 14156 | Lair:1   | Found a shadowy altar of Dithmenos.
 14656 | Lair:2   | Noticed Nergalle
 14715 | Lair:2   | Killed Nergalle
 15480 | Lair:2   | Noticed a five-headed hydra
 15488 | Lair:2   | Killed a five-headed hydra
 15549 | Lair:2   | Noticed an eight-headed hydra
 15761 | D:11     | Reached skill level 10 in Dodging
 15801 | D:11     | Found a flagged portal.
 15828 | Bailey   | Entered a bailey
 15910 | Bailey   | Reached skill level 17 in Short Blades
 16422 | Bailey   | Reached XP level 13. HP: 64/83 MP: 13/13
 16455 | Bailey   | Got a brightly glowing bardiche
 16456 | Bailey   | Identified the +7 bardiche of Ocilata {holy, +Rage rF+} (You found it in a bailey)
 16563 | D:11     | Reached skill level 1 in Invocations
 16793 | D:11     | Noticed Urug
 16811 | D:11     | Killed Urug
 16971 | D:12     | Found a staircase to the Orcish Mines.
 17033 | D:12     | Noticed a four-headed hydra
 17788 | D:12     | Got a transparent cloak
 17794 | D:12     | Identified the +1 cloak of the Moon {Str+4 Int+2} (You found it on level 12 of the Dungeon)
 17826 | D:12     | Reached skill level 10 in Shields
 17826 | D:12     | Reached skill level 5 in Invocations
 18041 | D:12     | Noticed Erica
 18050 | D:12     | Killed Erica
 18093 | D:12     | Gained mutation: You tend to lose your temper in combat. [mutagenic glow]
 18113 | D:12     | Killed a one-headed hydra
 18373 | Lair:3   | Found a frozen archway.
 18414 | IceCv    | Entered an ice cave
 19354 | Lair:4   | Reached XP level 14. HP: 89/89 MP: 25/25
 19694 | Lair:4   | Noticed Harold
 19709 | Lair:4   | Killed Harold
 19786 | Lair:4   | Found a hole to the Spider Nest.
 20533 | Lair:5   | Found a staircase to the Shoals.
 21053 | Lair:5   | Reached skill level 15 in Shields
 21068 | Lair:5   | Reached skill level 10 in Invocations
 22241 | Lair:6   | Reached XP level 15. HP: 84/100 MP: 28/28
 23089 | Lair:7   | Reached skill level 10 in Fighting
 23574 | Lair:7   | Found a staircase to the Slime Pits.
 24046 | Lair:8   | Entered Level 8 of the Lair of Beasts
 24186 | Lair:8   | Got a glittering brass ring
 24637 | Lair:8   | Identified the ring "Caryfav" {rElec EV+3} (You found it on level 8 of the Lair of Beasts)
 25838 | Lair:4   | Reached skill level 5 in Evocations
 26091 | D:13     | Found a basalt altar of Yredelemnul.
 26108 | D:13     | Noticed casual's ghost (powerful GrBe)
 26352 | D:13     | Killed casual's ghost
 26748 | D:13     | Reached XP level 16. HP: 54/114 MP: 29/29
 26965 | D:13     | Found a gate to the Vaults.
 27072 | D:13     | Learned a level 2 spell: Shroud of Golubria
 27075 | D:13     | Learned a level 2 spell: Song of Slaying
 27079 | D:13     | Learned a level 3 spell: Regeneration
 27295 | Orc:1    | Entered Level 1 of the Orcish Mines
 27356 | Orc:1    | Reached skill level 10 in Evocations
 28014 | Orc:2    | Found a roughly hewn altar of Beogh.
 28406 | Orc:3    | Found Phora's Antique Weapon Boutique.
 28419 | Orc:3    | Found a roughly hewn altar of Beogh.
 28455 | Orc:3    | Found Vidos' Antique Armour Shoppe.
 28468 | Orc:3    | Found Klarghio's Jewellery Shoppe.
 28622 | Orc:3    | Found a roughly hewn altar of Beogh.
 28899 | Orc:3    | Found Khafuel's Antique Armour Shoppe.
 28900 | Orc:3    | Found Rigeagat's General Store.
 29181 | Orc:4    | Entered Level 4 of the Orcish Mines
 29181 | Orc:4    | Found an iron altar of Okawaru.
 29195 | Orc:4    | Found a staircase to the Elven Halls.
 29380 | Orc:4    | Noticed Fannar
 29393 | Orc:4    | Killed Fannar
 29606 | Orc:4    | Found Morphigg's Antique Weapon Shop.
 30296 | Orc:4    | Found Kaluku's Weapon Shop.
 30299 | Orc:4    | Found Rutoc's Weapon Emporium.
 30305 | Orc:4    | Found Ofitacar's Antique Weapon Emporium.
 30383 | Orc:3    | Bought a warped scale mail for 288 gold pieces
 30397 | Orc:3    | Identified the +2 scale mail of the Hart {Int+3} (You bought it in a shop on level 3 of the Orcish Mines)
 30712 | D:14     | Found a burning altar of Makhleb.
 31061 | D:14     | Found Ceih's Book Shoppe.
 31319 | D:15     | Entered Level 15 of the Dungeon
 31530 | D:15     | Noticed Sonja
 31532 | D:15     | Killed Sonja
 31572 | D:15     | Reached skill level 15 in Evocations
 31892 | D:15     | Paralysed by an orc sorcerer for 3 turns
 32037 | D:15     | Found a staircase to the Depths.
 32513 | D:15     | Learned a level 3 spell: Spectral Weapon
 32757 | Lair:2   | Killed a three-headed hydra
 32757 | Lair:2   | Reached skill level 1 in Translocations
 32820 | Lair:4   | Reached skill level 1 in Charms
 32951 | Spider:1 | Entered Level 1 of the Spider Nest
 33320 | Spider:1 | Reached XP level 17. HP: 119/119 MP: 33/33
 35024 | Spider:2 | Reached skill level 1 in Necromancy
 35153 | Spider:2 | Noticed Kirke
 35220 | Spider:2 | Killed Kirke
 35481 | Spider:2 | Got a jewelled helmet
 35492 | Spider:2 | Identified the +2 helmet of Yteepsuf {Dex+3 Stlth+} (You acquired it on level 2 of the Spider Nest)
 36577 | Spider:3 | Reached skill level 1 in Hexes
 37993 | Spider:3 | Reached skill level 5 in Hexes
 38634 | Spider:4 | Got a slimy ruby amulet
 38636 | Spider:4 | Identified the amulet of Muowy {Faith rC+ rN+} (You found it on level 4 of the Spider Nest)
 39912 | Spider:5 | Entered Level 5 of the Spider Nest
 39997 | Spider:5 | Noticed Jorgrun
 40006 | Spider:5 | Noticed Frances
 40427 | Spider:4 | Killed Frances
 40427 | Spider:4 | Reached XP level 18. HP: 115/126 MP: 27/34
 40644 | Spider:5 | Reached skill level 5 in Armour
 41049 | Spider:5 | Killed Jorgrun
 42912 | Spider:5 | Reached skill level 10 in Armour
 43032 | Spider:5 | Got a gossamer rune of Zot
 43549 | Shoals:1 | Entered Level 1 of the Shoals
 43549 | Shoals:1 | Found Trioruud's Food Shop.
 43686 | Shoals:1 | Reached skill level 18 in Short Blades
 43921 | Shoals:1 | Upgraded the game from 0.16-a0-465-g631e55c to 0.16-a0-621-gdc21f72
 44388 | Shoals:1 | Found Varurr's Distillery.
 44561 | Shoals:1 | Noticed Nikola
 44741 | Shoals:1 | Found Mewkelas' Assorted Antiques.
 44763 | Shoals:1 | Bought a potion of curing for 56 gold pieces
 44763 | Shoals:1 | Bought 3 potions of curing for 168 gold pieces
 44967 | Shoals:1 | Reached skill level 19 in Short Blades
 45169 | Shoals:1 | Killed Nikola
 45169 | Shoals:1 | Reached XP level 19. HP: 73/131 MP: 25/35
 45323 | Shoals:2 | Found Temac's Magic Scroll Shoppe.
 45336 | Shoals:2 | Noticed Aizul
 45344 | Shoals:2 | Killed Aizul
 45687 | Shoals:2 | Noticed Polyphemus
 46366 | Shoals:2 | Reached skill level 20 in Short Blades
 46522 | Shoals:2 | HP: 1/131 [Polyphemus (11)]
 46524 | Shoals:2 | Slain by Polyphemus

Action                   |  1- 3 |  4- 6 |  7- 9 | 10-12 | 13-15 | 16-18 | 19-21 || total
-------------------------+-------+-------+-------+-------+-------+-------+-------++-------
Melee: Cutlass           |    96 |   401 |   478 |  1172 |  1942 |  2435 |   156 ||  6680
       Unarmed           |       |       |       |       |       |    38 |       ||    38
Throw: Stone             |       |       |       |    28 |       |    39 |    25 ||    92
       Throwing net      |       |       |       |       |       |    13 |     1 ||    14
 Cast: Shroud of Golubri |       |       |       |       |       |     6 |       ||     6
       Regeneration      |       |       |       |       |       |     3 |     1 ||     4
       Spectral Weapon   |       |       |       |       |       |     4 |       ||     4
Invok: Step From Time    |       |       |       |       |       |     1 |     1 ||     2
 Abil: Evoke Flight      |       |       |       |       |       |     8 |     4 ||    12
       Stop Flying       |       |       |       |       |       |     2 |       ||     2
Evoke: Wand              |       |     2 |     3 |    19 |    14 |    33 |       ||    71
       Sack of spiders   |       |       |       |       |       |     2 |       ||     2
  Use: Scroll            |       |     4 |     8 |    11 |    21 |    15 |     2 ||    61
       Potion            |       |       |     5 |     2 |     4 |    10 |     2 ||    23
 Stab: Sleeping          |       |       |       |       |     9 |     5 |       ||    14
       Distracted        |       |       |       |       |     1 |     6 |       ||     7
       Held in net/web   |       |       |       |       |       |     8 |     1 ||     9
       Confused          |       |       |       |       |       |     4 |       ||     4
  Eat: Chunk             |       |    11 |     9 |    18 |    24 |    40 |     3 ||   105
       Fruit             |       |       |     1 |       |       |     3 |       ||     4
       Beef jerky        |       |       |       |       |     1 |     1 |     1 ||     3
       Pizza             |       |       |       |       |       |     1 |       ||     1
